 Dungeon Crawl Stone Soup version 0.24-a0-416-g56ce5178b7 (webtiles) character file.

Game seed: 2751295088688342269

9870 Avack the Merchant of Misery (level 11, -1/74 HPs)
             Began as a Mummy Wizard on June 9, 2019.
             Was a Believer of Kikubaaqudgha.
             Slain by a black mamba (13 damage)
             ... on level 6 of the Lair of Beasts.
             The game lasted 01:04:35 (18172 turns).

Avack the Merchant of Misery (Mummy Wizard)        Turns: 18172, Time: 01:04:35

Health: -1/74      AC: 13    Str: 18    XL:     11   Next: 28%
Magic:  1/21       EV: 12    Int: 20    God:    Kikubaaqudgha [**....]
Gold:   863        SH:  0    Dex: 10    Spells: 3/24 levels left

rFire    . . .     SeeInvis +   o - +1 whip (elec)
rCold    + . .     Gourm    .   (no shield)
rNeg     + + +     Faith    .   A - +2 leather armour {rF+}
rPois    ∞         Spirit   .   n - +1 helmet
rElec    .         Reflect  .   j - +1 cloak
rCorr    .         Harm     .   D - +1 pair of gloves
MR       +....                  g - +1 pair of boots
Stlth    ++........             (no amulet)
HPRegen  0.22/turn              l - +6 ring of strength
MPRegen  0.17/turn              u - ring of see invisible

@: very slightly contaminated
A: no food or potions, fire vulnerability, cold resistance 1, negative energy
resistance 3, torment resistance, unbreathing
a: Receive Corpses, Renounce Religion


You were on level 6 of the Lair of Beasts.
You worshipped Kikubaaqudgha.
Kikubaaqudgha was pleased with you.
You were not hungry.

You visited 3 branches of the dungeon, and saw 16 of its levels.
You also visited: Ossuary.

You collected 863 gold pieces.

Inventory:

Hand Weapons
 o - a +1 whip of electrocution (weapon)
Missiles
 e - 371 stones
 f - 3 throwing nets
 k - 41 poisoned darts (quivered)
Armour
 g - a +1 pair of boots (worn)
 j - a +1 cloak (worn)
 n - a +1 helmet (worn)
 v - a +2 buckler of positive energy
 A - a +2 leather armour of fire resistance (worn)
 D - a +1 pair of gloves (worn)
Jewellery
 l - a +6 ring of strength (left hand)
 t - an uncursed amulet of guardian spirit
 u - a ring of see invisible (right hand)
 y - an uncursed ring of fire
Wands
 a - a wand of polymorph (8)
 h - a wand of clouds (4)
 i - a wand of acid (5)
 m - a wand of flame (50)
 x - a wand of paralysis (5)
 B - a wand of disintegration (25)
Scrolls
 c - 5 scrolls of amnesia
 q - 3 scrolls of immolation
 r - 8 scrolls of remove curse
 s - 3 scrolls of enchant weapon
 w - 2 scrolls of magic mapping
 z - a scroll of enchant armour
Comestibles
 d - a ration


   Skills:
 - Level 2.7 Fighting
 - Level 2.8 Dodging
 - Level 3.1 Stealth
 - Level 7.1 Spellcasting
 - Level 5.0 Conjurations
 - Level 6.3 Summonings
 * Level 8.1 Necromancy
 - Level 3.0 Translocations
 - Level 3.0 Fire Magic
 - Level 5.0 Air Magic
 * Level 4.0 Earth Magic
 - Level 3.0 Poison Magic


You had 3 spell levels left.
You knew the following spells:

 Your Spells              Type           Power        Failure   Level  Hunger
a - Magic Dart            Conj           ####         1%          1    N/A
b - Blink                 Tloc           N/A          4%          2    N/A
c - Call Imp              Summ           ####....     1%          2    N/A
d - Mephitic Cloud        Conj/Pois/Air  ###.....     5%          3    N/A
e - Conjure Flame         Conj/Fire      ###.....     6%          3    N/A
f - Animate Skeleton      Necr           N/A          1%          1    N/A
g - Summon Lightning Spi  Summ/Air       ####....     11%         4    N/A
h - Borgnjor's Vile Clut  Necr/Erth      ####......   26%         5    N/A

Your spell library contained the following spells:

 Spells                   Type           Power        Failure   Level  Hunger
 Pain                     Necr           ####         1%          1    N/A
 Sandblast                Erth           ###...       1%          1    N/A
 Summon Butterflies       Summ           ####....     1%          1    N/A
 Summon Small Mammal      Summ           ####         1%          1    N/A
 Corpse Rot               Necr           N/A          1%          2    N/A
 Vampiric Draining        Necr           #####.....   1%          3    N/A
 Sting                    Conj/Pois      ###.         2%          1    N/A
 Call Canine Familiar     Summ           ####....     2%          3    N/A
 Poisonous Vapours        Pois/Air       ###...       3%          2    N/A
 Recall                   Summ/Tloc      N/A          4%          3    N/A
 Stone Arrow              Conj/Erth      ####..       5%          3    N/A
 Passwall                 Tmut/Erth      ###.....     8%          2    N/A
 Summon Guardian Golem    Hex/Summ       ###.....     9%          3    N/A
 Corona                   Hex            #......      11%         1    N/A
 Dazzling Spray           Conj/Hex       ###...       12%         3    N/A
 Ensorcelled Hibernation  Hex/Ice        #.....       17%         2    N/A
 Slow                     Hex            #.......     17%         2    N/A
 Confuse                  Hex            #.......     32%         3    N/A
 Tukima's Dance           Hex            #.......     32%         3    N/A
 Animate Dead             Necr           N/A          3%          4    N/A
 Dispel Undead            Necr           #####...     11%         5    N/A
 Bolt of Draining         Conj/Necr      ####......   21%         5    N/A
 Summon Ice Beast         Ice/Summ       ###.....     30%         4    N/A
 Olgreb's Toxic Radiance  Pois           ###.....     32%         4    N/A
 Petrify                  Tmut/Erth      ###.....     43%         4    N/A
 Excruciating Wounds      Chrm/Necr      ###.......   50%         5    N/A
 Lee's Rapid Deconstruct  Erth           ###.......   50%         5    N/A
 Venom Bolt               Conj/Pois      ###.......   52%         5    N/A
 Death Channel            Necr           #####.....   52%         6    N/A
 Summon Mana Viper        Hex/Summ       ###.....     63%         5    N/A
 Simulacrum               Ice/Necr       ###.......   97%         6    N/A
 Summon Hydra             Summ           ####......   100%        7    N/A

Dungeon Overview and Level Annotations

Branches:
Dungeon (9/15)             Temple (1/1) D:4            Lair (6/6) D:9
  Swamp (0/4) Lair:2       Spider (0/4) Lair:3
  Slime: Lair:5-6       Orc: D:9-12

Altars:
Ashenzari
Cheibriados
Dithmenos
Elyvilon
Fedhas
Gozag
Hepliaklqana
Kikubaaqudgha
Makhleb
Nemelex Xobeh
Okawaru
Qazlal
Ru
Sif Muna
Trog
Uskayaw
Vehumet
Wu Jian
Xom
Yredelemnul
Zin
The Shining One

Shops:
D:7 [

Annotations:
D:5 3 runed translucent doors, mhoghedin's ghost, novice DsCK


Innate Abilities, Weirdness & Mutations

You do not eat or drink.
Your flesh is vulnerable to fire.
You are immune to poison.
Your flesh is cold resistant. (rC+)
You are immune to negative energy. (rN+++)
You are immune to unholy pain and torment.
You can survive without breathing.


Message History

You closely miss the black mamba. The black mamba closely misses you.
The black mamba barely misses you.
You miss the black mamba. The black mamba barely misses you.
The black mamba bites you but does no damage.
You closely miss the black mamba. The black mamba completely misses you.
The black mamba closely misses you.
You hit the black mamba.
The black mamba is lightly wounded.
The black mamba barely misses you. The black mamba bites you.
* * * LOW HITPOINT WARNING * * *
You can't drink.
Okay, then.
Evoke which item? (* to show all) (? for menu, Esc to quit)
Okay, then.
Okay, then.
You closely miss the black mamba.
The black mamba is lightly wounded.
The black mamba bites you!
You die...
Kikubaaqudgha rasps: "You have failed me!
Welcome... oblivion!"

................
........[........
.................
....P............
.................
.................
.................
P.......S........
P.)....@.........
.................
.................
....P............
.................
.#.##........(...
## ............
............


You could see a black mamba.

Vanquished Creatures
  Joseph (D:8)
  A black mamba (Lair:4)
  2 spiny frogs
  A hornet (D:9)
  A hippogriff (D:9)
  7 yaks
  A wyvern (Lair:3)
  4 porcupines
  2 water moccasins
  An orc warrior (D:9)
  A sky beast (D:7)
  A phantom (D:6)
  A necrophage (D:7)
  An ogre (D:9)
  3 wolves
  2 centaurs
  A crocodile (Lair:2)
  4 bullfrogs
  4 water moccasin zombies (Ossuary)
  2 scorpions (D:9)
  An electric eel (Lair:3)
  A howler monkey (D:8)
  2 crimson imps (D:7)
  A bullfrog zombie (D:7)
  8 orc priests
  4 hounds
  3 bullfrog skeletons
  A jelly (D:7)
  3 iguanas
  5 orc wizards
  3 worker ants
  2 big kobold zombies (Ossuary)
  2 mummies (Ossuary)
  2 hound skeletons
  2 gnolls
  4 adders
  4 shadow imps
  An ooze (D:1)
  5 adder zombies
  An adder skeleton (D:4)
  A worm (D:2)
  A dart slug (D:2)
  4 leopard geckos
  13 orcs
  3 ball pythons
  4 giant cockroaches
  2 goblins
  2 hobgoblins (D:1)
  10 jackals
  3 quokkas
  3 bats (D:3)
  3 frilled lizards
  4 gnoll zombies (Ossuary)
  3 hobgoblin zombies (Ossuary)
  4 kobolds
  3 kobold zombies (Ossuary)
  2 orc zombies (Ossuary)
  A quokka skeleton (D:4)
  9 rats
171 creatures vanquished.

Vanquished Creatures (collateral kills)
  Harold (Lair:2)
  4 hydras
  2 spiny frogs
  A rime drake (Lair:4)
  2 komodo dragons
  A bog body (Lair:2)
  A hippogriff (Lair:2)
  2 wyverns
  6 yaks (Lair:3)
  A hungry ghost (D:7)
  A water moccasin (Lair:4)
  4 porcupines
  A sky beast (D:7)
  6 wolves
  2 ogres
  5 crocodiles
  5 bullfrogs
  A water moccasin zombie (Ossuary)
  A scorpion (D:4)
  5 lava snakes (Lair:3)
  A bullfrog zombie (D:9)
  A crimson imp (D:6)
  A jelly (D:9)
  An orc priest (D:6)
  2 hounds
  4 orc wizards
  3 worker ants
  5 gnolls
  A howler monkey skeleton (D:9)
  2 adders (D:4)
  5 worms
  2 leopard geckos
  13 orcs
  2 goblins
  A hobgoblin (D:2)
  9 jackals
  A quokka (D:2)
  2 frilled lizards
  A hobgoblin zombie (Ossuary)
  2 kobolds
  A quokka skeleton (D:4)
  2 rats (D:3)
  A fungus (Lair:2)
  A plant (Lair:3)
116 creatures vanquished.

Vanquished Creatures (others)
  A water moccasin (Lair:1)
  7 fungi
  6 plants
14 creatures vanquished.

Grand Total: 301 creatures vanquished

Notes
Turn   | Place    | Note
-------+----------+-------------------------------------------
     0 | D:1      | Avack the Mummy Wizard began the quest for the Orb.
     0 | D:1      | Reached XP level 1. HP: 13/13 MP: 5/5
    41 | D:1      | Reached skill level 1 in Conjurations
   171 | D:1      | Reached XP level 2. HP: 14/19 MP: 2/7
   182 | D:1      | Learned a level 2 spell: Blink
   185 | D:1      | Learned a level 2 spell: Call Imp
   382 | D:1      | You fall into a shaft and drop 1 floor!
  1003 | D:2      | Reached XP level 3. HP: 14/24 MP: 2/8
  1014 | D:2      | Learned a level 3 spell: Mephitic Cloud
  2256 | D:2      | HP: 1/24 [orc/+0 mace (8)]
  2807 | D:3      | Reached XP level 4. HP: 30/30 MP: 1/10
  2847 | D:2      | Learned a level 3 spell: Conjure Flame
  3015 | D:3      | Reached skill level 1 in Translocations
  3132 | D:3      | Found a blossoming altar of Fedhas.
  3156 | D:3      | Reached skill level 1 in Summonings
  3286 | D:3      | Reached XP level 5. HP: 19/35 MP: 2/11
  3751 | D:3      | Reached skill level 1 in Poison Magic
  4301 | D:4      | Reached skill level 1 in Air Magic
  4304 | D:4      | Reached skill level 1 in Fire Magic
  4416 | D:4      | Reached XP level 6. HP: 36/41 MP: 5/12
  4468 | D:4      | Found a staircase to the Ecumenical Temple.
  4476 | Temple   | Entered the Ecumenical Temple
  5017 | D:5      | Entered Level 5 of the Dungeon
  5336 | D:5      | Noticed mhoghedin's ghost (novice DsCK)
  5341 | D:5      | Found a runed translucent gate.
  5341 | D:5      | Found a runed translucent gate.
  5341 | D:5      | Found a runed translucent gate.
  6018 | D:5      | Reached XP level 7. HP: 45/46 MP: 13/13
  7403 | D:6      | Found a shimmering altar of Xom.
  7403 | D:6      | Found an iron altar of Okawaru.
  7408 | D:6      | Found a shadowy altar of Dithmenos.
  7409 | D:6      | Found a burning altar of Makhleb.
  7409 | D:6      | Found a sacrificial altar of Ru.
  7409 | D:6      | Found a glowing silver altar of Zin.
  7409 | D:6      | Found an opulent altar of Gozag.
  7413 | D:6      | Found an ancient bone altar of Kikubaaqudgha.
  7414 | D:6      | Found a stormy altar of Qazlal.
  7418 | D:6      | Became a worshipper of Kikubaaqudgha
  7580 | D:7      | Found a sand-covered staircase.
  7586 | Ossuary  | Entered an ossuary
  7617 | Ossuary  | Reached XP level 8. HP: 51/52 MP: 14/14
  8391 | D:7      | Reached * piety under Kikubaaqudgha
  8391 | D:7      | Identified Kikubaaqudgha's Compendium of Black Rituals
                  | (Kikubaaqudgha gifted it to you on level 7 of the Dungeon)
  8391 | D:7      | Received a gift from Kikubaaqudgha
  8404 | D:7      | Learned a level 1 spell: Animate Skeleton
  8484 | D:7      | Reached skill level 1 in Necromancy
  8503 | D:7      | Found Otee's Armour Shop.
  8746 | D:7      | Reached skill level 1 in Fighting
  8972 | D:7      | Reached skill level 5 in Conjurations
  8981 | D:7      | Reached skill level 2 in Necromancy
  9421 | D:7      | Reached skill level 3 in Necromancy
  9589 | D:8      | Reached XP level 9. HP: 55/61 MP: 11/15
 10238 | D:8      | Noticed Joseph
 10414 | D:8      | Killed Joseph
 10414 | D:8      | Reached skill level 4 in Necromancy
 10679 | D:8      | Learned a level 4 spell: Summon Lightning Spire
 10963 | D:9      | Found a staircase to the Lair.
 11047 | D:9      | Reached ** piety under Kikubaaqudgha
 11057 | D:9      | Noticed a two-headed ogre
 11059 | D:9      | Noticed a manticore
 11727 | D:9      | Reached skill level 5 in Necromancy
 11745 | Lair:1   | Entered Level 1 of the Lair of Beasts
 12049 | Lair:1   | Noticed a five-headed hydra
 12580 | Lair:1   | Reached skill level 5 in Summonings
 12645 | Lair:1   | Identified a scroll of acquirement
 12829 | Lair:1   | Reached XP level 10. HP: 6/68 MP: 2/16
 13388 | Lair:2   | You fall into a shaft and drop 1 floor!
 13393 | Lair:3   | Noticed a seven-headed hydra
 13434 | Lair:3   | Got a shimmering crystal plate armour
 13435 | Lair:3   | Identified the +13 crystal plate armour "Humeits" {rF+ rC+
                  | Int+3} (You acquired it on level 3 of the Lair of Beasts)
 13783 | Lair:2   | Reached skill level 5 in Air Magic
 13799 | Lair:2   | Found a staircase to the Swamp.
 13827 | Lair:2   | Noticed Harold
 13846 | Lair:2   | Killed Harold
 13846 | Lair:2   | Reached skill level 5 in Spellcasting
 14175 | Lair:2   | Noticed a spiny frog
 14192 | Lair:2   | Killed a spiny frog
 14394 | Lair:3   | Noticed a molten gargoyle
 14842 | Lair:3   | Noticed a molten gargoyle
 15251 | Lair:3   | Reached skill level 6 in Necromancy
 15277 | Lair:3   | Killed a seven-headed hydra
 15289 | Lair:3   | Learned a level 5 spell: Borgnjor's Vile Clutch
 15410 | Lair:3   | Found a hole to the Spider Nest.
 15576 | Lair:3   | Noticed a five-headed hydra
 15580 | Lair:3   | Noticed a six-headed hydra
 15604 | Lair:3   | Killed a six-headed hydra
 15604 | Lair:3   | Reached skill level 1 in Earth Magic
 15852 | Lair:3   | Noticed a spiny frog
 15867 | Lair:3   | Killed a spiny frog
 15985 | Lair:3   | Noticed a spiny frog
 15992 | Lair:3   | Killed a spiny frog
 16170 | Lair:3   | Killed a five-headed hydra
 16170 | Lair:3   | Reached skill level 7 in Necromancy
 16408 | Lair:4   | Reached XP level 11. HP: 74/74 MP: 17/21
 17264 | Lair:4   | Reached *** piety under Kikubaaqudgha
 17264 | Lair:4   | Identified Kikubaaqudgha's Catalogue of Darkness
                  | (Kikubaaqudgha gifted it to you on level 4 of the Lair of
                  | Beasts)
 17264 | Lair:4   | Received a gift from Kikubaaqudgha
 17774 | Lair:5   | Noticed a five-headed hydra
 17804 | Lair:5   | Killed a five-headed hydra
 17804 | Lair:5   | Reached skill level 8 in Necromancy
 18089 | Lair:6   | Entered Level 6 of the Lair of Beasts
 18102 | Lair:6   | Noticed a death yak
 18102 | Lair:6   | Noticed a catoblepas
 18102 | Lair:6   | Noticed a death yak
 18145 | Lair:6   | Noticed a seven-headed hydra
 18172 | Lair:6   | Slain by a black mamba

Levels and vault maps discovered:
D:1:      dpeg_arrival_rooms_a, layout_basic
D:2:      layout_basic, first_ration
D:3:      layout_loops_corners, old_standard_altar
D:4:      layout_cave_pools, minmay_temple_entry_glassed_door,
          cheibrodos_gnoll_hut
D:5:      layout_cave_pods, gammafunk_ghost_split
D:6:      layout_rooms, minitemple
D:7:      layout_loops_ring, serial_shops, nicolae_shop_crystal,
          nicolae_ossuary_entry_monument
D:8:      layout_gridville, uniq_joseph
D:9:      minmay_the_grid_4x2 [minmay_the_grid_square_x,
          minmay_the_grid_zigzag_pyramid, minmay_the_grid_odd_star,
          minmay_the_grid_all_tris, minmay_the_grid_zigzags,
          minmay_the_grid_broken_lines, minmay_the_grid_plusring,
          minmay_the_grid_prize_inner_circle], layout_basic, lair_entry_dummy
Temple:   nicolae_temple_hex_pool
Lair:1:   layout_loops_ring, minmay_hedge_maze, minivault_25
Lair:2:   layout_cave_shapes, skrybe_swamp_entry_bodies, uniq_harold
Lair:3:   cheibrodos_magma_flow, layout_gridlike, dummy_spider_entry
Lair:4:   layout_small_grid, grunt_megastairs_1, lemuel_fruit_fields
Lair:5:   layout_misc_corridors, infiniplex_staircase_pool
Lair:6:   evilmike_catoblepas_cave, layout_gridlike, dpeg_slime_entry_corner

Skill      XL: |  1  2  3  4  5  6  7  8  9 10 11 |
---------------+----------------------------------+-----
Conjurations   | 1 2 3 4 5 |  5.0
Translocations | 1 2 3 |  3.0
Summonings     | 1 2 3 5 6 |  6.3
Poison Magic   | 1 2 3 |  3.0
Air Magic      | 1 2 3 4 5 |  5.0
Fire Magic     | 1 2 3 |  3.0
Necromancy     | 3 5 7 8 |  8.1
Fighting       | 2 |  2.7
Stealth        | 2 3 |  3.1
Dodging        | 2 |  2.8
Spellcasting   | 7 |  7.1
Earth Magic    | 2 4 |  4.0

Action                   |  1- 3 |  4- 6 |  7- 9 | 10-12 || total
-------------------------+-------+-------+-------+-------++-------
Melee: Unarmed           |     6 |       |       |       ||     6
       Dagger            |   104 |    77 |       |       ||   181
       Whip              |       |    81 |   396 |    55 ||   532
Throw: Dart              |     4 |     8 |    24 |     8 ||    44
       Stone             |     1 |       |       |       ||     1
 Cast: Magic Dart        |    44 |     9 |    26 |     3 ||    82
       Call Imp          |    28 |    50 |    78 |    14 ||   170
       Mephitic Cloud    |     3 |    11 |    37 |     7 ||    58
       Blink             |       |       |    17 |    18 ||    35
       Conjure Flame     |       |       |    21 |     2 ||    23
       Animate Skeleton  |       |       |    19 |    20 ||    39
       Summon Lightning  |       |       |     5 |    65 ||    70
       Borgnjor's Vile C |       |       |       |     4 ||     4
Evoke: Wand              |       |       |    11 |     8 ||    19
  Use: Scroll            |     5 |     6 |    12 |     9 ||    32
 Stab: Confused          |     3 |     3 |     6 |       ||    12
       Sleeping          |       |     1 |     1 |       ||     2
       Distracted        |       |     1 |       |       ||     1
       Paralysed         |       |       |       |     3 ||     3
Armor: Robe              |    34 |    64 |    91 |       ||   189
       Leather armour    |       |       |    36 |    23 ||    59
Dodge: Dodged            |    94 |   117 |   275 |    56 ||   542

Table legend:
 A = Non-vault XP
 B = Vault XP
 C = Vault XP percentage of total XP
 D = Non-vault monster count
 E = Vault monster count
 F = Vault count percentage of total count
                 A         B        C        D         E       F
            +---------+---------+-------+---------+---------+-------
      Total |   11680 |    2420 |  17.2 |     240 |      45 |  15.8
            +---------+---------+-------+---------+---------+-------
        D:1 |      23 |       0 |   0.0 |      11 |       0 |   0.0
        D:2 |      41 |       0 |   0.0 |      24 |       0 |   0.0
        D:3 |     231 |       0 |   0.0 |      46 |       0 |   0.0
        D:4 |     185 |      71 |  27.7 |      13 |       3 |  18.8
        D:5 |     247 |       0 |   0.0 |      11 |       0 |   0.0
        D:6 |     585 |       0 |   0.0 |      23 |       0 |   0.0
        D:7 |     887 |       0 |   0.0 |      26 |       0 |   0.0
        D:8 |     323 |     399 |  55.3 |      15 |       1 |   6.2
        D:9 |     687 |     490 |  41.6 |      10 |       7 |  41.2
     Lair:1 |    1549 |       0 |   0.0 |      13 |       0 |   0.0
     Lair:2 |     917 |     652 |  41.6 |       8 |       2 |  20.0
     Lair:3 |    3458 |     124 |   3.5 |      19 |       5 |  20.8
     Lair:4 |    1360 |     194 |  12.5 |      12 |       2 |  14.3
     Lair:5 |    1187 |       0 |   0.0 |       9 |       0 |   0.0
    Ossuary |       0 |     490 | 100.0 |       0 |      25 | 100.0
            +---------+---------+-------+---------+---------+-------
